 Dungeon Crawl Stone Soup version 0.28-a0-1344-g6b9ff3a05d (webtiles) character file.

Game seed: 14876379891138812753

249 Delamore the Skirmisher (level 6, 0/40 HPs)
             Began as a Gargoyle Fighter on Dec 29, 2021.
             Slain by a lemure (6 damage)
             ... led by Pikel
             ... on level 3 of the Dungeon.
             The game lasted 00:04:29 (3529 turns).

Delamore the Skirmisher (Gargoyle Fighter)          Turns: 3529, Time: 00:04:29

Health: 0/40       AC: 12    Str: 21    XL:     6   Next: 12%
Magic:  6/6        EV:  9    Int:  9    God:
Gold:   1170       SH:  5    Dex: 15    Spells: 5/5 levels left

rFire   + . .      SeeInvis .   s - +0 mace (drain)
rCold   . . .      Faith    .   c - +0 buckler
rNeg    + . .      Spirit   .   b - +0 scale mail
rPois   ∞          Reflect  .   (no helmet)
rElec   +          Harm     .   (no cloak)
rCorr   .          Rampage  .   f - +0 pair of gloves
Will    .....                   (no boots)
Stlth   ..........              (no amulet)
HPRegen 0.13/turn               e - ring of protection from fire
MPRegen 0.10/turn               t - +6 ring of dexterity

@: mighty
A: sickness immunity, AC +4, negative energy resistance 1, electricity
resistance, torment resistance 1, petrification resistance
a: no special abilities


You were on level 3 of the Dungeon.
You visited 1 branch of the dungeon, and saw 4 of its levels.

You collected 1233 gold pieces.
You spent 63 gold pieces at shops.

Inventory:

Hand Weapons
 a - a +1 flail
 s - a +0 mace of draining (weapon)
Missiles
 l - 13 poisoned darts (quivered)
Armour
 b - a +0 scale mail (worn)
 c - a +0 buckler (worn)
 f - a +0 pair of gloves (worn)
 p - a +0 plate armour
Jewellery
 e - a ring of protection from fire (left hand)
 r - an amulet of faith
 t - a +6 ring of dexterity (right hand)
Wands
 n - a wand of flame (25)
 v - a wand of acid (5)
Scrolls
 g - a scroll of amnesia {unknown}
 i - a scroll of fear
 m - a scroll of torment {unknown}
 o - a scroll of teleportation
 u - a scroll of blinking
Potions
 d - 2 potions of might
 h - a potion of degeneration {unknown}
 j - a potion of heal wounds
 k - a potion of attraction {unknown}
 q - a potion of brilliance {unknown}


   Skills:
 - Level 5.0 Fighting
 + Level 4.0 Maces & Flails
 - Level 3.2 Armour
 + Level 4.9 Shields


You had 5 spell levels left.
You didn't know any spells.
Your spell library contained the following spells:

 Spells                   Type           Power      Damage    Failure   Level
 Magic Dart               Conj           0%         1d3       73%         1
 Call Imp                 Summ           0%         N/A       86%         2
 Mephitic Cloud           Conj/Pois/Air  0%         N/A       97%         3


Dungeon Overview and Level Annotations

Branches:
Dungeon (4/15)
 Temple: D:4-7

Altars:
Hepliaklqana

Shops:
D:1 [   D:2 *(?:=

Annotations:
D:3 Pikel


Innate Abilities, Weirdness & Mutations

You are immune to sickness and miasma.
Your stone body is resilient. (AC +4)
You are immune to poison.
You resist negative energy. (rN+)
You are resistant to electric shocks. (rElec)
You are resistant to unholy torment.
You are immune to petrification.


Message History

* * * LOW HITPOINT WARNING * * *
Pikel barely misses you.
There is an escape hatch in the ceiling here.
Pikel cracks his whip.
Pikel hits you but does no damage. The lemure closely misses you.
A mysterious force pulls you upwards. The hatch slams shut behind you.
You feel very mighty all of a sudden. Pikel hits you but does no damage.
The lemure hits you but does no damage.
You closely miss Pikel.
Pikel says, "Hell isn't that bad."
Pikel barely misses you. The lemure hits you but does no damage.
You hit Pikel. You drain Pikel.
Pikel is lightly wounded.
Pikel hits you with a +1 whip of flaming.
* * * LOW HITPOINT WARNING * * *
Pikel burns you.
* * * LOW HITPOINT WARNING * * *
You block the lemure's attack. Pikel hits you but does no damage.
You closely miss Pikel.
Pikel is lightly wounded.
The lemure hits you but does no damage. Pikel hits you but does no damage.
It was a potion of heal wounds.
You feel much better. The lemure hits you but does no damage.
Pikel hits you with a +1 whip of flaming.
You sock Pikel!
Pikel is moderately wounded.
The lemure hits you. Pikel closely misses you.
The lemure hits you but does no damage.
You barely miss Pikel.
Pikel is moderately wounded.
Pikel hits you with a +1 whip of flaming.
The lemure hits you.
You completely miss Pikel.
Pikel is moderately wounded.
Pikel hits you with a +1 whip of flaming!
* * * LOW HITPOINT WARNING * * *
Pikel burns you.
* * * LOW HITPOINT WARNING * * *
The lemure hits you.
You die...

#.##..#.###.## ##. #.##.##.##.##
## #.......##.# # ####.#####.##
## ####.######.## ##. ###
#.......# ##.###.# ..#
#.##.##.#####....# #.##
#K##.........###.. #..##
#########@#########...####
#...####.......#5###..#..'...'÷.#
#.....##.#####.#...#..#..#...#..#
#...#.##.# #....####'#####...####
#........# #.#.##..'.....#...#...
##.##.#### #.#..#..#.....#...#...
##.##.# #.#######.....'...'.†.
#..##.######.####..#.....#...#...
#.###...........#..†.....#...#...


You could see Pikel (drained) and a lemure.

Vanquished Creatures
  A scorpion (D:4)
  A hound (D:4)
  4 adders
  4 gnolls (D:4)
  A worm (D:3)
  2 dart slugs
  15 ball pythons
  3 endoplasms (D:1)
  2 giant cockroaches
  7 goblins
  5 hobgoblins
  6 jackals (D:3)
  5 bats
  7 frilled lizards
  9 kobolds
72 creatures vanquished.

Notes
Turn   | Place    | Note
-------+----------+-------------------------------------------
     0 | D:1      | Delamore the Gargoyle Fighter began the quest for the Orb.
     0 | D:1      | Reached XP level 1. HP: 14/14 MP: 1/1
   181 | D:1      | Reached XP level 2. HP: 16/19 MP: 2/2
   625 | D:1      | Found Wivuic's Antique Armour Shop.
   696 | D:1      | Found a faded altar of an unknown god.
   801 | D:1      | Reached XP level 3. HP: 24/24 MP: 3/3
  1085 | D:2      | Reached skill level 4 in Fighting
  1194 | D:2      | Found Marres's Weapon Shoppe.
  1333 | D:2      | Found Iheme's Magic Scroll Shop.
  1337 | D:2      | Found Zuliomu Bike's Book Boutique.
  1406 | D:2      | Found Buemn's Assorted Antiques.
  1701 | D:2      | Found Pawoma Hoibb's Jewellery Shop.
  1761 | D:2      | Identified a scroll of acquirement
  1761 | D:2      | Acquired 1078 gold pieces
  1816 | D:2      | Bought a scroll labelled JARONOZAPT for 22 gold pieces
  1816 | D:2      | Bought a scroll labelled JEGIFU HACUSKI for 22 gold pieces
  1816 | D:2      | Bought an emerald potion for 19 gold pieces
  1891 | D:2      | Reached XP level 4. HP: 29/29 MP: 4/4
  3085 | D:3      | Found a hazy altar of Hepliaklqana.
  3254 | D:4      | Reached XP level 5. HP: 33/34 MP: 5/5
  3480 | D:4      | Noticed a lemure
  3481 | D:4      | Noticed a lemure
  3481 | D:4      | Noticed a lemure
  3481 | D:4      | Noticed a lemure
  3481 | D:4      | Noticed Pikel
  3495 | D:4      | Reached skill level 5 in Fighting
  3495 | D:4      | Reached XP level 6. HP: 40/40 MP: 6/6
  3529 | D:3      | Slain by a lemure

Illustrated notes

Levels and vault maps discovered:
D:1:      saegor_arrival_simple_e, layout_basic, serial_shops, shop_statue,
          basic_ecumenical_altar, st_stairs_7,
          nicolae_concentric_dashed_squares_mild
D:2:      layout_loops_corners, serial_shops, shop_statue, nicolae_shop_trees,
          shop, nicolae_shop_competitors_out_of_business, shop,
          chequers_serial_rivers_room_b
D:3:      layout_loops_cross, nicolae_hepliaklqana_hippocampus,
          chequers_serial_rivers_room_b, chequers_serial_rivers_small_b,
          minmay_snake_closets
D:4:      layout_loops_ring, nicolae_qazlal_eye_of_the_storm, uniq_edmund,
          uniq_pikel

Skill      XL: |  1  2  3  4  5 |
---------------+----------------+-----
Fighting       | 4 5 |  5.0
Maces & Flails | 3 4 |  4.0
Shields        | 4 |  4.9
Armour         | |  3.2

Action                   |  1- 3 |  4- 6 || total
-------------------------+-------+-------++-------
Melee: Flail             |   125 |    75 ||   200
       Mace              |       |    54 ||    54
  Use: Scroll            |     3 |     2 ||     5
       Potion            |       |     2 ||     2
Armor: Scale mail        |    81 |    84 ||   165
Dodge: Dodged            |    56 |    58 ||   114
Block: Buckler           |    18 |    33 ||    51

Table legend: (Time is in decaauts)
 A = Elapsed time spent in this place.
 B = Non-inter-level travel time spent in this place.
 C = Inter-level travel time spent in this place.
 D = Time resting spent in this place.
 E = Time spent auto-exploring this place.
 F = Levels seen in this place.
 G = Mean time per level.
                   A        B        C        D        E       F      G
               +--------+--------+--------+--------+--------+-----+--------+
         Total |   3595 |   3427 |    168 |     42 |   2772 |   4 |  898.8 |
       Dungeon |   3595 |   3427 |    168 |     42 |   2772 |   4 |  898.8 |
               +--------+--------+--------+--------+--------+-----+--------+

Top non-repeatable levels by time:
     D:3: 1157 daAuts
     D:2: 1137 daAuts
     D:1: 924 daAuts
     D:4: 376 daAuts
